[Event "1st Serbian League 2022"]
[Site "Vrnjacka Banja"]
[Date "2022.09.26"]
[Round "7.24"]
[White "Munizaba, Slobodan"]
[Black "Stankovic, Milos"]
[Result "0-1"]
[ECO "D77"]
[WhiteElo "2416"]
[BlackElo "2439"]
[Annotator "TA"]
[PlyCount "46"]
[EventDate "2022.09.20"]
[EventType "team-tourn"]
[EventCountry "SRB"]
[SourceTitle "playchess.com"]
[Source "ChessBase"]
[SourceQuality "1"]
[TimeControl "40/5400+30:1800+30"]

1. d4 Nf6 2. Nf3 g6 3. g3 Bg7 4. Bg2 d5 5. O-O O-O 6. c4 dxc4 7. Na3 c5 8. Nxc4 Be6 {[%emt 0:01:30] D77: Fianchetto Grünfeld: 6 0-0: Replies other than 6...c6.} 9. Ne3 Na6 {[%emt 0:07:38] [#]} 10. Qa4 $146 ({Predecessor:} 10. dxc5 Nxc5 11. Nd4 Bd7 12. b3 Ng4 13. h3 Ne6 14. Nec2 Nxd4 15. Nxd4 Qb6 16. Bb2 {½-½ (118) Rakhmanov,A (2655)-Paravyan,D (2613) Batumi 2018}) 10... Qb6 {[%emt 0:07:20] The position is equal.} 11. dxc5 (11. Rd1 $11) 11... Nxc5 $15 12. Qa3 Nfe4 {[%emt 0:00:36] Prevents Ng5.} 13. Rb1 (13. Nd1 $142) 13... Rfd8 $1 $17 14. h4 Rac8 {[%emt 0:05:06] Black has more active pieces. The white rooks are badly placed.} 15. Ng5 Nxg5 16. hxg5 Rd4 {[%emt 0:01:04] Strongly threatening ...Ra4.} 17. b3 {[%emt 0:00:00] Prevents Ra4.} Ne4 $36 {[%emt 0:05:31][%mdl 2048] Black is really pushing.} 18. Rb2 $2 {[%emt 0:00:00][%mdl 8192] [#] Loses the game.} (18. Bb2 $2 Nxg3 $1 19. Rfe1 (19. fxg3 $2 Rd2 $19) 19... Rd2 20. Bxg7 Kxg7 $19) (18. Bxe4 $17 {is tougher.} Rxe4 19. Qxe7) 18... Nxg3 $1 $19 19. fxg3 {[%emt 0:00:00] [#]} Re4 $3 {[%emt 0:01:29][%mdl 512] Threatens to win with ...Rxc1.} 20. Kh2 ({Don't play} 20. Bxe4 Rxc1 21. Kh2 Qxe3 22. Rxc1 Qxc1 23. Qxa7 Bxb2) 20... Rxc1 21. Nd5 (21. Rd2 $19 Be5 22. Kh1 (22. Bxe4 $2 {too greedy.} Qxe3 23. b4 Qxa3 $19) 22... Rxf1+ 23. Nxf1) 21... Bxd5 {[%emt 0:01:29] This bishop pair is nice.} 22. Rxc1 {[%emt 0:00:00] [#]} Be5 (22... Rh4+ $142 $3 23. gxh4 Be5+ 24. Kh1 Qe3 25. Bf3 Qf2 26. e4 Qxf3+ 27. Kg1 Bd4+ 28. Kh2 Qf4+ 29. Kh3 Be6+ 30. Kg2 Qxe4+ 31. Kh2 Qxh4+ 32. Kg2 Qh3#) 23. Rc5 Rh4+ {[%emt 0:00:42] Weighted Error Value: White=1.08/Black=0.27 (precise)} 0-1

[Event "1st Serbian League 2022"]
[Site "Vrnjacka Banja"]
[Date "2022.09.26"]
[Round "7.26"]
[White "Ivic, Velimir"]
[Black "Djokic, Mihailo"]
[Result "1-0"]
[ECO "B48"]
[WhiteElo "2553"]
[BlackElo "2197"]
[Annotator "TA"]
[PlyCount "51"]
[EventDate "2022.09.20"]
[EventType "team-tourn"]
[EventCountry "SRB"]
[SourceTitle "playchess.com"]
[Source "ChessBase"]
[SourceQuality "1"]
[TimeControl "40/5400+30:1800+30"]

1. e4 c5 2. Nf3 e6 3. d4 cxd4 4. Nxd4 Nc6 5. Nc3 Qc7 6. Be3 a6 7. Bd3 Nf6 8. Qe2 b5 9. Nxc6 {[%emt 0:01:24] B48: Sicilian: Taimanov: 5 Nc3 Qc7 6 Be3 a6 without Be2.} dxc6 10. a4 b4 11. Nb1 {[%emt 0:01:40] [#] White is slightly better.} h5 $146 ({Predecessor:} 11... Nd7 12. a5 Bc5 13. Nd2 O-O 14. O-O Qa7 15. Bxc5 Qxc5 16. Nb3 Qe5 17. f4 Qxb2 {1-0 (25) Zhang,P (2462)-Erkhembayar,D (2303) Shenyang 1999}) 12. h3 c5 13. Nd2 Bb7 14. O-O Be7 15. c3 bxc3 16. bxc3 c4 (16... O-O $142) 17. Bc2 $16 (17. Nxc4 $6 Nxe4 18. Rfe1 Nc5 $14) 17... a5 18. Rab1 (18. Nxc4 $6 Nxe4 19. Bxe4 Bxe4 $14) (18. Qxc4 $6 Qxc4 19. Nxc4 Bxe4 $11) 18... e5 19. f4 ({Don't do} 19. Qxc4 $6 Qxc4 20. Nxc4 Bxe4 21. Bxe4 Nxe4 $16) 19... Ba6 $2 {[%emt 0:02:29] [#]} (19... Nd7 {was called for.} 20. fxe5 (20. Qxc4 Qxc4 21. Nxc4 Ba6 $14) (20. Nxc4 Ba6 $16) 20... Nxe5) 20. fxe5 $18 Qxe5 21. Nf3 Qg3 (21... Qxc3 $2 22. e5 Nd5 23. Bd4 $18) (21... Qc7 $142 22. Bd4 Nd7 23. Bxg7 Rg8) 22. Bf2 {[%emt 0:09:45] White is clearly winning.} Qc7 23. e5 Nd5 24. Nd4 Bc5 25. e6 {[%emt 0:01:18] [#] exf7+ would kill now.} O-O-O 26. Bf5 {[%emt 0:01:30] Weighted Error Value: White=0.04 (flawless) /Black=0.49} 1-0

[Event "1st Serbian League 2022"]
[Site "Vrnjacka Banja"]
[Date "2022.09.26"]
[Round "7.27"]
[White "Stankovic, Boris"]
[Black "Nenezic, Marko"]
[Result "1/2-1/2"]
[ECO "B33"]
[WhiteElo "2208"]
[BlackElo "2528"]
[Annotator "TA"]
[PlyCount "142"]
[EventDate "2022.09.20"]
[EventType "team-tourn"]
[EventCountry "SRB"]
[SourceTitle "playchess.com"]
[Source "ChessBase"]
[SourceQuality "1"]
[TimeControl "40/5400+30:1800+30"]

1. e4 c5 2. Nf3 Nc6 3. d4 cxd4 4. Nxd4 Qb6 5. Nb3 Nf6 6. Nc3 e6 7. Bd3 a6 8. O-O Qc7 9. f4 d6 {[%emt 0:02:33] Prevents e5. B33: Sicilian: Pelikan and Sveshnikov Variations.} 10. Kh1 b5 11. Qf3 Bb7 12. Bd2 g6 13. Rae1 Bg7 {[%emt 0:00:56] [#]} 14. Bxb5 $146 ({Predecessor:} 14. Qh3 O-O 15. f5 Rae8 16. Bg5 b4 17. Nd1 exf5 18. exf5 Rxe1 19. Rxe1 Ne5 20. Qh4 Nxd3 21. cxd3 {0-1 (35) Klundt,K (2383)-Kurajica,B (2532) Rijeka 2011}) 14... axb5 $17 15. Nxb5 Qd7 {[%emt 0:01:28] aiming for ...0-0.} (15... Qb8 $5 16. e5 O-O 17. Nxd6 (17. exf6 Bxf6 18. Qh3 Bxb2 $17) 17... Nd7 $17) 16. e5 {[%emt 0:01:07][%mdl 64] Overworked Piece} dxe5 (16... O-O $15 17. Nxd6 (17. exf6 Bxf6 18. Qd3 Rfd8 $15) 17... Nxe5 18. Qxb7 Qxb7 19. Nxb7 Nc4) 17. Nc5 Qxd2 (17... e4 $1 $11 {and Black has nothing to worry.} 18. Qc3 Nh5) 18. Nc7+ $1 $18 Kd8 19. Nxa8 (19. Rd1 $1 $18 Qxd1 20. N7xe6+ Ke7 21. Rxd1 (21. Qxd1 Ba6 $16) 21... fxe6 22. Nxb7) 19... Qb4 $1 $11 (19... Bxa8 $2 20. Rd1 Qd5 21. Rxd5+ Nxd5 22. c4 $18) 20. Nxb7+ Qxb7 21. fxe5 Ne8 {[%emt 0:05:40][%mdl 8192] [#]} (21... Nd7 $11 22. Qxf7 Bxe5) 22. Rd1+ $2 (22. Re3 $1) 22... Kc8 $18 23. Qxf7 {[%emt 0:00:47] Really sharp!} Kb8 $2 {[%emt 0:04:58] [#]} (23... Qxf7 24. Rxf7 Bxe5) 24. Rd3 $2 Rf8 $1 $36 {[%emt 0:10:46][%mdl 2048] Black is more active.} (24... Kxa8 25. Ra3+ Na7 26. Qxb7+ Kxb7 27. Rf7+ Kc6 28. Ra6+ (28. Rfxa7 Bxe5 29. R3a6+ Kd5 $16) 28... Kd5 29. Rfxa7 (29. Raxa7 Bxe5 30. Rf2 Nc7 $16) 29... Bxe5 30. Rd7+ Nd6 31. b3 $16) 25. Qxb7+ Kxb7 26. Rxf8 Bxf8 27. Rd7+ (27. Rf3 Bg7 28. b4 Kxa8) 27... Kxa8 28. Rf7 {[%emt 0:00:12] [#]} (28. b4 $1 $11) 28... Bh6 $1 $17 29. a4 Kb8 30. Rxh7 Bg7 31. h4 Nxe5 {[%emt 0:00:32] Hoping for ...Nd7.} 32. h5 gxh5 33. Rxh5 Kb7 34. b4 Kb6 35. Rh4 (35. Rg5 $17) 35... Nd6 36. Rh7 Bf8 37. Rh8 Be7 38. Rh6 Nec4 39. Rxe6 Bg5 40. g4 Bd2 41. b5 $2 (41. Kg2 $17) 41... Ka5 $19 42. Kg2 Kxa4 43. b6 Kb5 44. Kh3 Kxb6 45. Kh4 Kc6 46. Re2 Bc3 47. g5 Kd7 48. g6 Bg7 49. Kh5 Ne5 50. c3 Ke6 51. Ra2 Nd7 52. Ra6 Nf6+ 53. Kh4 Nfe4 54. c4 Bd4 55. Kh5 Be3 56. Kh4 Kf6 57. Rc6 Kg7 58. c5 Nf5+ (58... Nc4 $2 59. Re6 Bf2+ 60. Kh5 Nf6+ 61. Kg5 $17) 59. Kg4 Nd4 60. Ra6 Nf6+ 61. Kg3 Nf5+ 62. Kf3 Bg1 63. c6 Ne8 ({Inferior is} 63... Bh2 64. Kg2 $15) 64. Ra1 Bh2 65. Ra2 Bg1 66. Ra1 $1 Bd4 67. Ra4 Bc5 68. Ra5 Nd4+ 69. Ke4 Nf6+ $2 (69... Kxg6 70. Rxc5 Ne6 71. Re5 $11) (69... Ne6 $19 {Threatens to win with ...N8c7.} 70. Rxc5 Nxc5+ 71. Kf5 Nc7) 70. Kd3 $1 $11 Bb6 (70... Kxg6 $2 71. c7 (71. Rxc5 Nxc6 72. Rxc6 Kf5 $14) 71... Nc6 72. c8=Q $18 (72. Rxc5 Ne7 $14)) 71. Ra6 Nxc6 {[%emt 0:01:33] Never resign too early!  Weighted Error Value: White=0.42/Black=0.33} 1/2-1/2

[Event "1st Serbian League 2022"]
[Site "Vrnjacka Banja"]
[Date "2022.09.26"]
[Round "7.28"]
[White "Djukic, Nikola"]
[Black "Radojicic, Aleksandar M"]
[Result "1-0"]
[ECO "B42"]
[WhiteElo "2536"]
[BlackElo "2192"]
[Annotator "TA"]
[PlyCount "143"]
[EventDate "2022.09.20"]
[EventType "team-tourn"]
[EventCountry "SRB"]
[SourceTitle "playchess.com"]
[Source "ChessBase"]
[SourceQuality "1"]
[TimeControl "40/5400+30:1800+30"]

1. e4 c5 2. Nf3 e6 3. d4 cxd4 4. Nxd4 a6 5. Bd3 Bc5 6. Nb3 Ba7 7. Qe2 d6 8. Be3 Nc6 9. O-O $1 {[%emt 0:05:05] 9.0-0 is better than 9.Nc3.} Nf6 10. c4 {[%emt 0:00:16] B42: Sicilian: Kan Variation: 5 Bd3.} O-O 11. Nc3 d5 {[%emt 0:08:42] [#]} (11... Bxe3 $14 {should be considered.} 12. Qxe3 b6) 12. Bxa7 $146 {[%emt 0:04:24] Bc5 is the strong threat. White is better.} (12. exd5 {with more complications.} Bxe3 13. fxe3 exd5 14. cxd5 Bg4 15. Qd2) ({Predecessor:} 12. cxd5 exd5 13. exd5 Bg4 14. Qd2 Nb4 15. Bg5 Kh8 16. h3 Bh5 17. Bxf6 Qxf6 18. Ne4 {1-0 (31) Gergacz,A (2389)-Juhasz,B (2205) Eger 2009}) 12... dxe4 {[%emt 0:09:53] [#]} 13. Nxe4 Rxa7 14. Rad1 Nxe4 15. Bxe4 Qc7 16. Rd2 Ne5 17. Rc1 ({Much worse is} 17. Qh5 f5 18. Bd3 Nxd3 19. Rxd3 a5 $11) 17... f5 18. Bf3 Nxf3+ 19. Qxf3 b6 20. c5 bxc5 21. Nxc5 Bb7 (21... Rd8 $14 22. Rxd8+ Qxd8) 22. Qd1 $1 $18 Qc6 {[%emt 0:03:11] [#]} (22... Ba8 {was called for.} 23. Nxe6 Qb7) 23. f3 $1 {[%emt 0:01:39] Active counter play!} Bc8 {[%emt 0:00:33] [#]} 24. Nd7 {[%emt 0:11:04][%mdl 512] Against Qb6+} Bxd7 (24... Qxd7 25. Rxd7) 25. Rxc6 Bxc6 26. Rd8 Bd5 {[%emt 0:01:27] [#]} 27. Rxf8+ Kxf8 {[%emt 0:00:01][%mdl 4096] Endgame KQ-KRB} 28. Qc2 Kf7 29. b4 Rb7 30. a3 h6 31. Qc5 Rd7 32. Qc8 Rb7 33. Kf2 a5 $2 (33... Ra7 34. Qc5 Re7) 34. b5 a4 35. b6 Ke7 36. Qc5+ Kf7 37. Ke3 g5 38. g3 Kg6 39. f4 Kf7 40. Qb5 Kg7 41. Kd4 Rb8 42. Qd7+ Kg6 43. Qc7 Rb7 44. Qd8 gxf4 45. gxf4 Kh5 46. h3 Rg7 47. Qe8+ Kh4 48. Qh8 Rg2 49. Qxh6+ Kg3 50. Kc5 Rc2+ 51. Kb5 Rb2+ 52. Ka5 {[%emt 0:00:00] Strongly threatening Qg7+.} Rb3 53. h4 Rxa3 54. h5 {[%emt 0:00:35] White threatens Qg7+ and mate.} Rb3 55. Qg7+ Kxf4 56. h6 a3 57. h7 Rh3 58. h8=Q Rxh8 59. Qxh8 a2 60. Kb4 Ke3 61. Qc3+ Ke4 62. Qe1+ Kd3 63. Qd1+ Ke3 64. Kc3 f4 65. Qe1+ Kf3 66. Kb2 {[%emt 0:01:17] White mates.} Kg2 67. Qb4 f3 68. b7 f2 69. Qg4+ Kh1 70. Qh3+ Kg1 71. b8=Q Bg2 72. Qbh2+ {[%emt 0:00:09] Weighted Error Value: White=0.08 (flawless) /Black=0.45} 1-0

[Event "1st Serbian League 2022"]
[Site "Vrnjacka Banja"]
[Date "2022.09.26"]
[Round "7.29"]
[White "Velikic, Adela"]
[Black "Strikovic, Aleksa"]
[Result "0-1"]
[ECO "B07"]
[WhiteElo "2272"]
[BlackElo "2491"]
[Annotator "TA"]
[PlyCount "138"]
[EventDate "2022.09.20"]
[EventType "team-tourn"]
[EventCountry "SRB"]
[SourceTitle "playchess.com"]
[Source "ChessBase"]
[SourceQuality "1"]
[TimeControl "40/5400+30:1800+30"]

1. d4 d6 2. e4 Nf6 3. Nc3 e5 4. dxe5 dxe5 5. Qxd8+ Kxd8 6. Bc4 Be6 7. Bxe6 fxe6 8. f3 Bc5 9. Na4 Bd6 {[%emt 0:03:40] B07: Pirc Defence: Miscellaneous Systems.} 10. Be3 Nbd7 {[%emt 0:00:48] [#]} 11. b3 $146 ({Predecessor:} 11. Nh3 Ke7 12. Ke2 b5 13. Nc3 a6 14. a4 c6 15. Rhd1 Bc5 16. Nf2 Rhc8 17. Bxc5+ Nxc5 {½-½ (69) Sergeev,V (2522)-Neuman,P (2454) Rakovnik 2011}) 11... b5 {[%emt 0:02:57] White is slightly better.} 12. Nb2 Ba3 13. Nd3 c5 14. c4 bxc4 15. bxc4 Rb8 {[%emt 0:00:04] Inhibits Rb1.} 16. Ne2 Ne8 17. Rd1 (17. Bc1 $14 Bxc1 18. Nexc1 (18. Rxc1 Nd6 $14)) 17... Kc7 18. Bc1 Bb4+ 19. Bd2 (19. Nxb4 Rxb4 20. O-O Nd6 $15) 19... Bxd2+ 20. Kxd2 Nd6 21. Kc3 Rb6 22. Nec1 (22. Rb1 Ra6 $15) 22... Ra6 23. Rd2 Ra4 24. Nb2 Ra3+ 25. Nb3 (25. Kc2 $1 $11) 25... Rxa2 {[%emt 0:02:34] Dancing on a razor blade. Black is more active.} ({Black should play} 25... Rb8 $17 26. Nd1 (26. Rhd1 Rb6 $17) 26... Rb4) 26. Rhd1 $11 Ra6 27. Nd3 Nb7 28. Nf2 (28. Nf4 $5 Nb8 29. Nh3 $11) 28... Rd8 29. Nd3 Ra3 30. Kc2 Ra2+ 31. Kc3 Rxd2 (31... Ra4 {with more complications.} 32. h4 h6 33. Nb2 Ra3) 32. Rxd2 a5 33. Ra2 Ra8 34. Nb2 Kc6 35. Ra1 h5 36. h4 Nb6 37. Nd3 a4 38. Nd2 Kd6 39. Nb1 Na5 40. Na3 Nb3 41. Nb5+ Ke7 42. Ra3 (42. Ra2 $11 {remains equal.}) 42... Kf6 (42... g5 $5 43. Nxe5 (43. hxg5 Rg8 $15) 43... gxh4 44. Ng6+ Kf7 $17) 43. g4 Rd8 (43... hxg4 $17 44. fxg4 Rd8) 44. Na7 $2 {[%emt 0:08:15][%mdl 8192] Black keeps a firm grip on the game.} (44. g5+ $11 Ke7 45. Nxe5) 44... hxg4 $19 45. fxg4 {[%emt 0:00:06] [#]} Rd4 $1 46. g5+ {[%emt 0:01:37] [#]} Kg6 $1 47. Nxe5+ Kh5 48. Nac6 Rxe4 49. Ra2 Re3+ ({Avoid the trap} 49... Rxh4 $2 50. Rg2 $19) 50. Kb2 (50. Kc2 $142) 50... Kxh4 51. g6 Kg5 52. Kb1 Re1+ 53. Kb2 Kf6 54. Ka3 Rxe5 55. Nxe5 Kxe5 56. Rf2 Nd4 57. Rf7 Nf5 58. Rb7 Nxc4+ 59. Kxa4 Kd5 60. Rb1 Nd4 {[%emt 0:01:09] White must now prevent ...Nd6.} 61. Rb8 Ne5 {[%emt 0:00:24] ( -> ...c4)} 62. Rd8+ Kc4 63. Rg8 Nxg6 64. Rxg7 Ne5 65. Re7 Kd3 66. Rc7 Nec6 67. Rh7 Ne5 $2 (67... c4 {mates} 68. Rh3+ Ke4 69. Rh5 e5 70. Rh3 Kd5 71. Rh8 c3 72. Rh2 c2 73. Rh1 Kc4 74. Ka3 Nb4 75. Ka4 Nd3 76. Ka5 c1=Q 77. Rxc1+ Nxc1 78. Kb6 e4 79. Kc7 e3 80. Kd7 e2 81. Ke7 e1=Q+ 82. Kf6 Qe6+ 83. Kg5 Nd3 84. Kh4 Qg8 85. Kh5 Nf4+ 86. Kh6 Qg6#) 68. Rh3+ $2 (68. Rc7 $11) 68... Nef3 69. Ka3 e5 {[%emt 0:33:21] Weighted Error Value: White=0.67/Black=0.08 (flawless)} 0-1

[Event "1st Serbian League 2022"]
[Site "Vrnjacka Banja"]
[Date "2022.09.26"]
[Round "7.30"]
[White "Perunovic, Miodrag"]
[Black "Radivojevic, Milan R"]
[Result "1-0"]
[ECO "B11"]
[WhiteElo "2413"]
[BlackElo "2172"]
[Annotator "ChessBase"]
[PlyCount "95"]
[EventDate "2022.09.20"]
[EventType "team-tourn"]
[EventCountry "SRB"]
[SourceTitle "playchess.com"]
[Source "ChessBase"]
[SourceQuality "1"]
[TimeControl "40/5400+30:1800+30"]

1. e4 c6 2. Nc3 d5 3. Nf3 Bg4 4. h3 Bxf3 5. Qxf3 e6 6. d3 Nd7 7. Bd2 Ngf6 8. O-O-O Qc7 9. g4 g6 10. h4 h5 11. g5 Ng4 12. Bh3 Bb4 13. Bxg4 hxg4 14. Qxg4 d4 15. Nb1 Bxd2+ 16. Nxd2 O-O-O 17. f4 Kb8 18. Kb1 c5 19. Rdf1 b5 20. h5 gxh5 21. Rxh5 c4 22. Rxh8 Rxh8 23. Qg1 cxd3 24. cxd3 Rc8 25. Rc1 Qxf4 26. Qxd4 Rxc1+ 27. Kxc1 Ne5 28. Kc2 Nf3 29. Nxf3 Qxf3 30. Qe5+ Kc8 31. Qc5+ Kd8 32. Qd6+ Kc8 33. Qc6+ Kd8 34. Qa8+ Kc7 35. Qxa7+ Kc6 36. Kc3 Qf4 37. Qa6+ Kc7 38. Qxb5 e5 39. Qc5+ Kb7 40. Qg1 Qh4 41. a4 Qh8 42. a5 Qc8+ 43. Kb4 Qc2 44. Qb6+ Ka8 45. Qd8+ Ka7 46. Qe7+ Ka6 47. Qf6+ Kb7 48. Qxf7+ 1-0

[Event "1st Serbian League 2022"]
[Site "Vrnjacka Banja"]
[Date "2022.09.26"]
[Round "7.31"]
[White "Tadic, Stefan"]
[Black "Ioannidis, Evgenios"]
[Result "1-0"]
[ECO "A46"]
[WhiteElo "2318"]
[BlackElo "2486"]
[Annotator "ChessBase"]
[PlyCount "49"]
[EventDate "2022.09.20"]
[EventType "team-tourn"]
[EventCountry "SRB"]
[SourceTitle "playchess.com"]
[Source "ChessBase"]
[SourceQuality "1"]
[TimeControl "40/5400+30:1800+30"]

1. d4 Nf6 2. Nf3 e6 3. Bf4 c5 4. e3 Qb6 5. Nc3 Nc6 6. Be2 Nh5 7. d5 Nxf4 8. exf4 Nd4 9. O-O Be7 10. Nxd4 cxd4 11. Nb5 Bf6 12. Qd3 a6 13. Qa3 Be7 14. d6 Bf8 15. c4 dxc3 16. bxc3 Rb8 17. Nc7+ Kd8 18. Rfd1 Bxd6 19. Rxd6 Qxc7 20. Rad1 Ke8 21. c4 b5 22. cxb5 axb5 23. f5 Qc2 24. Qg3 Qxf5 25. Rxd7 1-0

[Event "1st Serbian League 2022"]
[Site "Vrnjacka Banja"]
[Date "2022.09.26"]
[Round "7.32"]
[White "Damljanovic, Branko"]
[Black "Ivanovic, Marko"]
[Result "1/2-1/2"]
[ECO "B45"]
[WhiteElo "2436"]
[BlackElo "2265"]
[Annotator "TA"]
[PlyCount "114"]
[EventDate "2022.09.20"]
[EventType "team-tourn"]
[EventCountry "SRB"]
[SourceTitle "playchess.com"]
[Source "ChessBase"]
[SourceQuality "1"]
[TimeControl "40/5400+30:1800+30"]

1. Nf3 c5 2. e4 Nc6 3. d4 cxd4 4. Nxd4 Nf6 5. Nc3 e6 6. a3 Qc7 7. Be2 {[%emt 0:00:00] B45: Sicilian Four Knights.} a6 8. f4 Nxd4 9. Qxd4 Bc5 10. Qd3 d6 (10... d5 $11) 11. Be3 $14 b5 12. Bxc5 Qxc5 13. O-O-O Bb7 14. Bf3 {[%emt 0:00:00] [#] Hoping for e5.} (14. Qxd6 Qxd6 15. Rxd6 Nxe4 16. Nxe4 Bxe4 $11) 14... O-O-O $1 {[%emt 0:04:03] [#]} 15. Rhe1 $146 ({Predecessor:} 15. Kb1 Kb8 16. Rhe1 Rd7 17. g4 Rhd8 18. g5 Ne8 19. h4 Nc7 20. Qd4 Qxd4 21. Rxd4 {1-0 (51) Hirneise,J (2373)-Matt,F (2283) Germany 2019}) 15... Qb6 16. g4 d5 (16... Kb8 $14) 17. e5 (17. exd5 $16 {And now d6 would win.} Nxd5 18. Nxd5 Bxd5 19. Bxd5 Rxd5 20. Qc3+ Qc5 21. Qxg7) 17... Nd7 18. Qd4 Nc5 19. b4 (19. Kb1 $14 {is more appropriate.}) 19... Nd7 $1 $11 20. a4 bxa4 21. Nxa4 Qc6 (21... Qxd4 $11 22. Rxd4 Bc6) 22. Nb2 {[%emt 0:00:00] White is more active.} Kb8 23. Kb1 (23. c4 $14) 23... Nb6 (23... Rc8 24. c4 $14) 24. Rc1 Qc7 25. Re3 Rc8 (25... Nc4 $11 {is superior.}) 26. Be2 $14 Rhd8 27. Ra3 Nc4 28. Bxc4 dxc4 29. Qe3 Qd7 30. Rd1 Qb5 31. c3 Rxd1+ 32. Nxd1 Qd5 33. Nf2 Rd8 34. Ra2 ({Don't blunder} 34. Qb6 $2 Qd2 35. Qxd8+ Qxd8 $19) 34... Qg2 35. Rd2 (35. Qb6 {gets mated.} Qf1+ 36. Kc2 Qe2+ 37. Kc1 Qe1+ 38. Kb2 Rd2+ 39. Ka3 Qc1+) 35... Rd5 36. Rxd5 Qxd5 $11 {[%emt 0:00:05][%mdl 4096] Endgame KQB-KQN} 37. Qd4 Qf3 ({Don't do} 37... Qxd4 38. cxd4 Bf3 39. Kc2 $14) 38. Kc1 Qe2 39. h3 h6 40. Qd6+ Ka8 41. Qd8+ ({White should play} 41. Nd1 $14) 41... Ka7 {[%emt 0:30:05] The position is equal.} 42. Qd2 Qf3 43. Qd4+ Ka8 44. Kd2 f6 45. exf6 gxf6 46. Ke1 Bd5 47. h4 Kb7 48. Qxf6 Qe3+ 49. Kf1 {[%emt 0:00:00] Dancing on a razor blade.} Qc1+ 50. Ke2 {[%emt 0:00:00] aiming for Qg7+.} Qc2+ 51. Ke1 Qb1+ 52. Nd1 Qe4+ 53. Kd2 {[%emt 0:02:44] [#] Threatens to win with Qg7+.} Qd3+ 54. Kc1 {[%emt 0:01:28] Black must now prevent Qd4.} Be4 55. Qe7+ Ka8 56. Qf8+ Kb7 57. Qe7+ Ka8 {[%emt 0:00:00] Weighted Error Value: White=0.11 (very precise) /Black=0.10 (very precise)} 1/2-1/2

[Event "1st Serbian League 2022"]
[Site "Vrnjacka Banja"]
[Date "2022.09.26"]
[Round "7.33"]
[White "Sarenac, Ivan"]
[Black "Tadic, Branko"]
[Result "1/2-1/2"]
[ECO "B38"]
[WhiteElo "2402"]
[BlackElo "2455"]
[Annotator "TA"]
[PlyCount "140"]
[EventDate "2022.09.20"]
[EventType "team-tourn"]
[EventCountry "SRB"]
[SourceTitle "playchess.com"]
[Source "ChessBase"]
[SourceQuality "1"]
[TimeControl "40/5400+30:1800+30"]

1. e4 c5 2. Nf3 Nc6 3. d4 cxd4 4. Nxd4 g6 5. c4 Bg7 6. Be3 Nf6 7. Nc3 O-O 8. Be2 d6 9. O-O Bd7 10. h3 Rc8 11. f4 {[%emt 0:01:03] B38: Sicilian: Maroczy Bind with 5...Bg7 and 7...0-0.} a6 12. Rc1 Nxd4 13. Bxd4 Bc6 (13... b5 {is interesting.} 14. cxb5 Bxb5 15. f5 Qa5) 14. Qd3 {[%emt 0:00:53] [#]} Nd7 $146 (14... b5 $5) ({Predecessor:} 14... b5 15. cxb5 axb5 16. Nd5 Nxd5 17. exd5 Bxd4+ 18. Qxd4 Bd7 19. Rfe1 Qa5 20. a3 Rc7 21. Rxc7 Qxc7 {0-1 (42) Foldesi,M (2040)-Nagy,A (2058) Slovakia 2017}) 15. Bxg7 Kxg7 16. Bg4 Kg8 17. Bxd7 (17. b4 $14) 17... Qxd7 $11 {[%emt 0:02:07] The position is equal.} 18. f5 b5 19. b3 bxc4 20. bxc4 f6 21. fxg6 hxg6 22. e5 f5 23. Rcd1 Qa7+ 24. Kh1 dxe5 25. Qg3 Kh7 26. Qxe5 Qc7 27. Qe1 e5 28. Nd5 Bxd5 29. Rxd5 {[%emt 0:08:18] And now c5 would win.} Qxc4 30. Rxe5 (30. Rd7+ {seems wilder.} Kh6 31. Rd6 Rfd8 32. Rf6) 30... Rce8 {[%emt 0:03:53] [#] ...Rxe5 is the strong threat.} 31. Rf2 Rxe5 32. Qxe5 {[%emt 0:00:08][%mdl 4096] Endgame KQR-KQR} f4 33. Kh2 Rf5 34. Qe7+ Rf7 35. Qd6 a5 36. a3 a4 37. Rf3 Qe4 38. Qd1 Rf5 39. Qd7+ Kh6 40. Qd8 Kg7 ({Don't do} 40... Qe5 41. Qd3 $14) 41. Qd2 Rf7 42. Qc3+ Kh7 43. Rd3 Re7 44. Rf3 {[%emt 0:05:51] Strongly threatening Qf6.} Rf7 {[%emt 0:01:20] Inhibits Qf6.} 45. Qa5 Rf5 46. Qa7+ Kh6 47. Qc7 Qd4 48. Qe7 Rf6 49. Qe2 Rb6 50. Rd3 Qf6 51. Qd1 Rb2 52. Qc1 Rb3 53. Qd1 Rb2 54. Qc1 Rb3 55. Qd1 Qe5 56. Kh1 (56. Rxb3 $2 axb3 57. Qd8 b2 58. Qf8+ Kh5 $19) 56... Qb5 57. Rd5 Qb8 {[%emt 0:02:25] [#] ( -> ...Rb1)} 58. Rd8 Qb6 {[%emt 0:01:08] Hoping for ...Rb1.} 59. Qd4 Qxd4 60. Rxd4 {[%emt 0:00:04] KR-KR} f3 61. gxf3 ({Not} 61. Rh4+ $2 Kg5 62. Rg4+ Kf5 63. gxf3 Rxa3 $19) 61... Rxa3 62. Kg2 Ra1 63. Rd5 g5 64. Ra5 a3 65. Kg3 Kg6 66. Kg2 Kf6 67. Kh2 a2 68. Kg2 Ke6 69. Ra6+ Kd5 70. Ra8 Kd4 {[%emt 0:00:20] Weighted Error Value: White=0.05 (flawless) /Black=0.03 (flawless)} 1/2-1/2

[Event "1st Serbian League 2022"]
[Site "Vrnjacka Banja"]
[Date "2022.09.26"]
[Round "7.34"]
[White "Nikolovski, Nikola"]
[Black "Arsovic, Zoran"]
[Result "0-1"]
[ECO "B21"]
[WhiteElo "2359"]
[BlackElo "2362"]
[Annotator "RC"]
[PlyCount "80"]
[EventDate "2022.09.20"]
[EventType "team-tourn"]
[EventCountry "SRB"]
[SourceTitle "playchess.com"]
[Source "ChessBase"]
[SourceQuality "1"]
[TimeControl "40/5400+30:1800+30"]

1. e4 c5 2. f4 d5 3. d3 Nc6 4. Be2 g6 5. Nf3 Bg7 6. O-O b6 7. c3 Bb7 8. Na3 Nh6 9. Qe1 e6 10. Nc2 O-O 11. h3 Rc8 12. Bd2 Qe7 13. e5 f6 14. d4 Nf7 15. Rc1 Na5 16. b3 Rc7 17. Ne3 Nc6 18. h4 Nh6 19. h5 fxe5 20. dxe5 d4 21. Nc4 dxc3 22. Rxc3 Nf5 23. hxg6 hxg6 24. Ng5 Ncd4 25. Rh3 Qd7 26. Bd3 b5 27. Na5 c4 28. Bb1 Ba8 29. g4 Ne7 30. Qf2 c3 31. Bxc3 Rxf4 32. Qh4 Ne2+ 33. Kh2 Rxf1 34. Be4 Rxc3 35. Qh7+ Kf8 36. Rxc3 Nxc3 37. Bxa8 Qd2+ 38. Bg2 Bxe5+ 39. Kh3 Rh1+ 40. Bxh1 Qh2# 0-1